Unix NetHack Version 5.0.0-0 post-release - last build May 17 2026 04:57:42 (dc50c8380fa5e20985bfe3072449f57b8d9895ef,branch:main).

Game began 2026-05-20 17:37:55, ended 2026-05-20 17:59:09.

ArrBianca, lawful female human Valkyrie

          -------
         #->....|
         #|[.^..-########e@d######%##)#)###############0##########
         #-|---.-  ##############-------------#############################
         #        ##            #|C.........C|# ###              ###0##---.-
         #                       |.....C.....-#########################|...|
         #                       |.  -----...|#  ##  #                 |<..|
  ------0#  # # # #              |.  |.{.|...|#   ## #                 |...|
  |.....#############                |{.{.C..|#    ###------------     -----
  |)...|##      # ##                 |.{.|...|#     ##|..........|
  |....-##   ---+--.--               -----...|#     ##|..........|
  ------     |.......|                   ....|########...........|
             |.......|                  ....C|#       |..........|
             |.......|###     ###      -------#       ------------
             |........#########################
             ---------

ArrBianca the Fighter       St:18 Dx:13 Co:18 In:8 Wi:10 Ch:9  Lawful
Dlvl:7  $:0  HP:0(60) Pw:16(16) AC:-2 Xp:6 T:3562 

Latest messages:
 You see here a dart.
 You see here a spear.
 You see here a dart.
 You hit the floating eye!
 You are frozen by the floating eye's gaze!
 You hear a strange wind.
 The dog bites!
 The dog bites!
 The dog misses!
 The dog bites!
 The dog bites!
 The dog just misses!
 The dog misses!
 The dog bites!
 The dog bites!
 The dog bites!
 The dog bites!
 The dog bites!
 The dog bites!
 The dog bites!
 The dog bites!
 The dog bites!
 The dog bites!
 The dog bites!
 The dog misses!
 The dog bites!
 The dog bites!
 The dog bites!
 The dog bites!
 The dog misses!
 The dog bites!
 The dog bites!
 The dog bites!
 The dog misses!
 The dog bites!
 The dog bites!
 The dog bites!
 The dog misses!
 The dog bites!
 The dog bites!
 The dog misses!
 The dog misses!
 The dog bites!
 The dog bites!
 The dog misses!
 The dog misses!
 The dog bites!
 You die...
 Do you want your possessions identified? [ynq] (y) y
 Do you want to see your attributes? [ynq] (y) q

Inventory:
 Weapons  (')')
  b - a +0 dagger (alternate weapon; not wielded)
  a - a +1 spear (weapon in right hand)
 Armor    ('[')
  B - an uncursed +0 orcish helm (being worn)
  j - an uncursed +0 pair of elven boots (being worn)
  c - an uncursed +3 small shield (being worn)
  I - an uncursed +0 mummy wrapping
  q - an uncursed +0 banded mail (being worn)
 Comestibles  ('%')
  J - 2 uncursed lembas wafers
  H - 2 uncursed tins of sauteed plains centaur meat
 Scrolls  ('?')
  E - an uncursed scroll of identify
  z - an uncursed scroll of magic mapping
 Spellbooks  ('+')
  o - an uncursed spellbook of healing
  y - an uncursed spellbook of levitation
  v - an uncursed spellbook of sleep
 Potions  ('!')
  G - an uncursed potion of blindness
  D - an uncursed potion of extra healing
  i - 2 uncursed potions of healing
  r - an uncursed potion of invisibility
  F - an uncursed potion of monster detection
 Tools    ('(')
  k - an uncursed lock pick
 Gems/Stones  ('*')
  p - an uncursed worthless piece of orange glass
  w - an uncursed worthless piece of yellow glass

ArrBianca the Valkyrie's attributes:

Background:
 You were a Fighter, a level 6 human Valkyrie.
 You were lawful, on a mission for Tyr
 who was opposed by Odin (neutral) and Loki (chaotic).
 You were right-handed.
 You were in the Dungeons of Doom, on level 7.
 You entered the dungeon 3562 turns ago.
 You had 444 experience points, 196 more were needed to attain level 7.

Basics:
 You had 0 out of 60 hit points.
 You had all 16 energy points (spell power).
 Your armor class was -2.
 Your wallet was empty.
 Autopickup was on for '$?!/="+%' plus thrown, with exceptions.

Final Characteristics:
 Your strength was 18 (peak:18/01, limit:18/100).
 Your dexterity was 13 (limit:18).
 Your constitution was 18 (limit:18).
 Your intelligence was 8 (limit:18).
 Your wisdom was 10 (limit:18).
 Your charisma was 9 (limit:18).

Final Status:
 You weren't hungry.
 You were unencumbered.
 You were wielding a spear.
 You were skilled in spear.

Final Attributes:
 You were piously aligned.
 You were cold resistant.
 You were poison resistant.
 You were stealthy.
 You were warded.
 Your spell casting was impaired by metallic armor.
 You are dead.

Miscellaneous:
 You didn't encounter any bones levels.
 Total elapsed playing time was 21 minutes and 14 seconds.

Major events:
 Turn
    1: ArrBianca the lawful human Valkyrie entered the dungeon
  637: attained the rank of Skirmisher (level 3)
 1684: entered the Gnomish Mines
 2958: attained the rank of Fighter (level 6)
 3562: killed by a dog, while frozen by a floating eye's gaze

Spells:
 Name                 Level Category     Fail Retention
 healing                1   healing      100%  76%-100%
 levitation             4   escape       100%  76%-100%

Skills:
 Fighting Skills
   bare handed combat [Unskilled]
   two weapon combat  [Unskilled]
   riding             [Unskilled]
 Weapon Skills
   dagger             [Basic]
   axe                [Unskilled]
   pick-axe           [Unskilled]
   short sword        [Unskilled]
   broadsword         [Unskilled]
   long sword         [Unskilled]
   two-handed sword   [Unskilled]
   saber              [Unskilled]
   hammer             [Unskilled]
   quarterstaff       [Unskilled]
   polearms           [Unskilled]
   spear              [Skilled]
   trident            [Unskilled]
   lance              [Unskilled]
   sling              [Unskilled]
 Spellcasting Skills
   attack spells      [Unskilled]
   escape spells      [Unskilled]

Voluntary challenges:
 Character rerolling was not enabled.
 You never had a pet.
 You never genocided any monsters.
 You never polymorphed an object.
 You never changed form.
 You used no wishes.
Achievements:
 You entered a shop.
 You attained the rank of Skirmisher.
 You entered the Gnomish Mines.
 You attained the rank of Fighter.

 The Dungeons of Doom: levels 1 to 7
    Level 1:
    Level 2:
       A scroll shop, many fountains, many trees.
    Level 3:
       A fountain, a sink, a grave.
    Level 4:
       Stairs down to The Gnomish Mines.
    Level 5:
       An altar, some fountains.
    Level 6:
       A fountain.
    Level 7: <- You were here.
       Many fountains.
       Oracle of Delphi.
       Final resting place for
          you, killed by a dog, while frozen by a floating eye's gaze.
 The Gnomish Mines:
    Level 5:


Vanquished creatures:
  a giant beetle
  a leprechaun
  a housecat
  a blue jelly
  a gnome mummy
  a fog cloud
  a shrieker
  a black naga hatchling
  4 elf zombies
  2 ghouls
  a giant ant
  a kobold leader
  3 hill orcs
  2 centipedes
  a giant bat
  a dwarf zombie
  a werejackal
 an iguana
  2 acid blobs
  3 large kobolds
  4 giant rats
  a cave spider
  2 yellow molds
  a red mold
  a gnome
  2 gnome zombies
  2 geckos
  3 jackals
  2 kobolds
  4 grid bugs
  a bat
  4 lichens
  a kobold zombie
  2 newts
60 creatures vanquished.

No species were genocided or became extinct.

Game over:
                       ----------
                      /          \
                     /    REST    \
                    /      IN      \
                   /     PEACE      \
                  /                  \
                  |    ArrBianca     |
                  |       0 Au       |
                  | killed by a dog  |
                  |                  |
                  |                  |
                  |                  |
                  |       2026       |
                 *|     *  *  *      | *
        _________)/\\_//(\/(/\)/\//\/|_)_______

Farvel ArrBianca the Valkyrie...

You died in The Dungeons of Doom on dungeon level 7 with 2096 points,
and 0 pieces of gold, after 3562 moves.
You were level 6 with a maximum of 60 hit points when you died.

